 Dungeon Crawl Stone Soup version 0.19.5 (webtiles) character file.

9708 fili the Fighter (level 11, -7/117 HPs)
             Began as a Gargoyle Berserker on Mar 17, 2017.
             Was a High Priest of Trog.
             Mangled by a 16-headed hydra (8 damage)
             ... on level 2 of the Lair of Beasts on Apr 18, 2017.
             The game lasted 01:41:41 (12291 turns).

fili the Fighter (Gargoyle Berserker)              Turns: 12291, Time: 01:41:42

Health: -7/117     AC: 20    Str: 30      XL:     11   Next: 50%
Magic:  11/11      EV:  8    Int:  6 (7)  God:    Trog [*****.]
Gold:   523        SH:  2    Dex: 12      Spells: 0 memorised, 10 levels left

rFire  . . .     SeeInvis .     z - +0 war axe
rCold  + + .     Gourm    .     n - +0 plate armour
rNeg   + . .     Faith    .     (no shield)
rPois  ∞         Spirit   .     G - +0 helmet
rElec  +         Reflect  +     (no cloak)
rCorr  .         Harm     .     (no gloves)
MR     .....                    r - +0 pair of boots
Stlth  ..........               f - +2 amulet of reflection
                                Y - +3 ring of dexterity
                                M - ring of protection from cold

@: berserking (expiring), very quick
A: cold resistance 1, deterioration 1, mutation resistance 1, negative energy
resistance 1, electricity resistance, unbreathing, petrification resistance, rot
immunity, AC +7
a: Berserk, Trog's Hand, Brothers in Arms, Burn Spellbooks, Renounce Religion


You were on level 2 of the Lair of Beasts.
You worshipped Trog.
Trog was extremely pleased with you.
You were not hungry.

You visited 3 branches of the dungeon, and saw 11 of its levels.

You collected 523 gold pieces.

Inventory:

Hand Weapons
 a - a +0 blowgun
 z - a +0 war axe (weapon)
 Z - a +0 shortbow
Missiles
 g - 8 tomahawks (quivered)
 k - 170 arrows
 x - 53 poisoned needles
 I - 49 bolts
 Q - 2 needles of frenzy
 U - 5 poisoned javelins
Armour
 n - a +0 plate armour (worn)
 r - a +0 pair of boots (worn)
 G - a +0 helmet (worn)
 J - a +1 ring mail of fire resistance
Jewellery
 f - a +2 amulet of reflection (around neck)
 M - a ring of protection from cold (left hand)
 V - an uncursed ring of protection from fire
 Y - a +3 ring of dexterity (right hand)
Wands
 i - a wand of paralysis (8/24)
 F - a wand of random effects (48/48)
 O - a wand of iceblast (6/15)
 P - a wand of lightning (10/15)
Scrolls
 e - 2 scrolls of blinking
 m - 3 scrolls of identify
 t - 5 scrolls of remove curse
 v - a scroll of magic mapping {unknown}
 w - 2 scrolls of enchant weapon
 C - 3 scrolls of recharging
 E - a scroll of teleportation
 R - 2 scrolls of random uselessness {unknown}
 X - 2 scrolls of enchant armour
Potions
 b - 3 potions of magic {unknown}
 d - a potion of heal wounds {unknown}
 h - a potion of degeneration {unknown}
 j - a potion of experience {unknown}
 l - 2 potions of agility {unknown}
 q - a potion of mutation {unknown}
 u - 7 potions of curing
 A - 3 potions of cure mutation {unknown}
 D - 3 potions of haste {unknown}
 H - a potion of berserk rage {unknown}
 S - a potion of resistance {unknown}
 T - a potion of cancellation {unknown}
Books
 L - a book of Necromancy

   Spells                             Type                      Level
   a - Pain                           Necromancy                   1
   b - Animate Skeleton               Necromancy                   1
   c - Vampiric Draining              Necromancy                   3
   d - Regeneration                   Charms/Necromancy            3
   e - Animate Dead                   Necromancy                   4
   f - Control Undead                 Necromancy                   4
   Trog disapproves of the use of such an item.
 W - a book of Conjurations

   Spells                             Type                      Level
   a - Magic Dart                     Conjuration                  1
   b - Searing Ray                    Conjuration                  2
   c - Dazzling Spray                 Conjuration/Hexes            3
   d - Fulminant Prism                Conjuration/Hexes            4
   e - Iskenderun's Mystic Blast      Conjuration                  4
   f - Iskenderun's Battlesphere      Conjuration/Charms           5
   Trog disapproves of the use of such an item.
Comestibles
 c - 12 bread rations
 o - 9 slices of pizza
 p - 5 meat rations
 K - a beef jerky
 N - 11 fruits


   Skills:
 + Level 13.5 Fighting
 + Level 11.7 Axes
 - Level 2.1 Armour
 - Level 1.5 Dodging


You had 10 spell levels left.
You didn't know any spells.

Dungeon Overview and Level Annotations

Branches:
Dungeon (8/15)             Temple (1/1) D:7            Lair (2/6) D:8
  Swamp: Lair:2-4    Shoals: Lair:2-4     Snake: Lair:2-4    Spider: Lair:2-4

Altars:
Cheibriados
Vehumet
Xom
The Shining One


Innate Abilities, Weirdness & Mutations

You are resistant to torment.
Your stone body is resilient. (AC +7)
You are immune to poison.
You resist negative energy. (rN+)
You are resistant to electric shocks. (rElec)
You can survive without breathing.
You are immune to petrification.
You are immune to rotting.
Your flesh is cold resistant. (rC+)
Your body sometimes deteriorates upon taking damage.
You are somewhat resistant to further mutation.


Message History

The 15-headed hydra is heavily wounded.
You lop one of the 15-headed hydra's heads off!
The 14-headed hydra grows two more!
You slice the 16-headed hydra!!
The 16-headed hydra is severely wounded.
The 16-headed hydra bites you.
* * * LOW HITPOINT WARNING * * *
The 16-headed hydra bites you but does no damage.
The 16-headed hydra bites you.
* * * LOW HITPOINT WARNING * * *
The 16-headed hydra bites you.
* * * LOW HITPOINT WARNING * * *
The 16-headed hydra bites you but does no damage. x3
The 16-headed hydra bites you!
* * * LOW HITPOINT WARNING * * *
The 16-headed hydra bites you but does no damage.
The 16-headed hydra barely misses you. x2; The 16-headed hydra bites you.
* * * LOW HITPOINT WARNING * * *
The 16-headed hydra bites you but does no damage. x2
You block the 16-headed hydra's attack. The 16-headed hydra bites you!
You die...

###.............#.##
#........#....#.#..#
##...##..#........##
##...#P.#######...##
#.####....##.#.....####
######...###.......#P.###
#.....###........P...##
##...###....D.........#
#....# #..###@......<##
##..## ### #.....#.P<.##
####.## #.......##..##
#....# ###........#.##
##....# #......#.....#
.....## ##...##......#
#..#.# ###.###.....#
###### ### ##P###.# ###
##


You could see a 16-headed hydra.

Vanquished Creatures
  Pikel (D:7)
  2 spiny frogs
  A komodo dragon (Lair:1)
  4 blink frogs (Lair:1)
  Sigmund (D:2)
  A spriggan (D:8)
  15 yaks
  The ghost of tyranidshit the Skirmisher, an amateur DsAK of Lugonu (D:4)
  3 basilisks
  2 water moccasins
  10 porcupines
  The ghost of Paps the Cudgeler, an amateur TrFi (D:3)
  2 sky beasts (D:6)
  4 orc warriors
  A phantom (D:5)
  4 centaurs
  5 crocodiles
  2 big kobolds (D:8)
  4 bullfrogs
  A gnoll sergeant (D:8)
  4 scorpions
  A water moccasin skeleton (D:7)
  An electric eel (Lair:1)
  A howler monkey (D:6)
  4 crimson imps
  2 hounds (D:8)
  Crazy Yiuf (D:2)
  2 jellies
  2 orc priests (D:8)
  2 iguanas
  A centaur skeleton (D:3)
  8 orc wizards
  Ijyb (D:2)
  Terence (D:2)
  2 worker ants (D:5)
  A hound skeleton (D:8)
  2 hound zombies
  A worker ant zombie (D:7)
  11 adders
  8 gnolls
  3 river rats (D:8)
  3 shadow imps
  An ooze (D:1)
  An adder zombie (D:7)
  An adder skeleton (D:8)
  3 worms
  2 dart slugs
  8 leopard geckos
  31 orcs
  4 ball pythons
  2 giant cockroaches (D:1)
  7 goblins
  12 hobgoblins
  4 jackals (D:4)
  5 quokkas
  7 bats
  5 frilled lizards
  17 kobolds
  A leopard gecko skeleton (D:5)
  5 rats
  2 fungi
245 creatures vanquished.

Vanquished Creatures (collateral kills)
  A yak (D:8)
1 creature vanquished.

Vanquished Creatures (others)
  2 slaves (D:7)
  An ogre (D:7)
  An adder skeleton (D:7)
  An orc (D:7)
  A fungus (D:8)
  7 plants
13 creatures vanquished.

Grand Total: 259 creatures vanquished

Notes
Turn   | Place    | Note
-------+----------+-------------------------------------------
     0 | D:1      | fili the Gargoyle Berserker began the quest for the Orb.
     0 | D:1      | Reached XP level 1. HP: 14/14 MP: 1/1
   190 | D:1      | Reached XP level 2. HP: 19/19 MP: 2/2
   501 | D:1      | Reached XP level 3. HP: 20/24 MP: 3/3
   545 | D:1      | Reached ** piety under Trog
   545 | D:1      | Reached skill level 4 in Fighting
  1016 | D:2      | Noticed Terence
  1025 | D:2      | Killed Terence
  1025 | D:2      | Reached XP level 4. HP: 30/30 MP: 4/4
  1320 | D:2      | Noticed Sigmund
  1371 | D:2      | Killed Sigmund
  1371 | D:2      | Reached skill level 5 in Fighting
  1371 | D:2      | Reached XP level 5. HP: 35/35 MP: 5/5
  1371 | D:2      | Reached XP level 6. HP: 40/40 MP: 6/6
  1421 | D:3      | Noticed Paps's ghost (amateur TrFi)
  1486 | D:2      | Noticed Ijyb
  1507 | D:2      | Killed Ijyb
  1625 | D:2      | Found a runed door.
  1637 | D:2      | Noticed Crazy Yiuf
  1642 | D:2      | Killed Crazy Yiuf
  1761 | D:3      | Killed Paps's ghost
  1761 | D:3      | Reached skill level 6 in Fighting
  1761 | D:3      | Reached skill level 5 in Axes
  2021 | D:3      | Reached XP level 7. HP: 46/46 MP: 7/7
  2468 | D:3      | Reached *** piety under Trog
  2515 | D:3      | Found a snail-covered altar of Cheibriados.
  2726 | D:3      | Found a shimmering altar of Xom.
  3026 | D:4      | Found a radiant altar of Vehumet.
  3106 | D:4      | Noticed tyranidshit's ghost (amateur DsAK)
  3134 | D:4      | Killed tyranidshit's ghost
  3134 | D:4      | Reached skill level 7 in Fighting
  4151 | D:5      | Entered Level 5 of the Dungeon
  4415 | D:5      | Reached XP level 8. HP: 47/53 MP: 8/8
  5528 | D:5      | Reached skill level 8 in Fighting
  6138 | D:6      | Gained mutation: Your flesh is cold resistant. (rC+) [mutagenic meat]
  6139 | D:6      | Gained mutation: You are somewhat resistant to further mutation. [mutagenic meat]
  6174 | D:6      | Reached **** piety under Trog
  6317 | D:6      | Reached skill level 9 in Fighting
  6349 | D:6      | Reached XP level 9. HP: 52/60 MP: 9/9
  6547 | D:6      | Got a fine short sword
  6648 | D:7      | Noticed Pikel
  6666 | D:7      | Killed Pikel
  6890 | D:7      | Found a staircase to the Ecumenical Temple.
  6991 | D:6      | Reached skill level 10 in Fighting
  6998 | D:6      | Gained mutation: Your body sometimes deteriorates upon taking damage. [mutagenic meat]
  7411 | D:7      | Found a glowing golden altar of the Shining One.
  7870 | D:7      | Received a gift from Trog
  7979 | D:8      | Reached skill level 11 in Fighting
  7979 | D:8      | Reached XP level 10. HP: 64/69 MP: 10/10
  8025 | D:8      | Reached skill level 10 in Axes
  8760 | Temple   | Entered the Ecumenical Temple
  9872 | D:8      | Found a staircase to the Lair.
  9993 | D:8      | Reached skill level 12 in Fighting
 10114 | D:8      | Reached ***** piety under Trog
 10568 | Lair:1   | Entered Level 1 of the Lair of Beasts
 10597 | D:8      | Reached XP level 11. HP: 13/76 MP: 11/11
 10975 | Lair:1   | Reached skill level 13 in Fighting
 11495 | Lair:1   | Received a gift from Trog
 12218 | Lair:2   | Noticed a six-headed hydra
 12291 | Lair:2   | HP: 4/117 [16-headed hydra (7)]
 12291 | Lair:2   | HP: 1/117 [16-headed hydra (3)]
 12291 | Lair:2   | Mangled by a 16-headed hydra

Skill      XL: |  1  2  3  4  5  6  7  8  9 10 11 |
---------------+----------------------------------+-----
Axes           | 3 4 5 6 7 9 10 11 | 11.7
Fighting       | 4 5 6 7 9 11 12 13 | 13.5
Armour         | |  2.1
Dodging        | |  1.5

Action                   |  1- 3 |  4- 6 |  7- 9 | 10-12 || total
-------------------------+-------+-------+-------+-------++-------
Melee: Hand axe          |    95 |   107 |   355 |   174 ||   731
       War axe           |       |       |   124 |   246 ||   370
 Fire: Shortbow          |       |       |     1 |    46 ||    47
Throw: Tomahawk          |    30 |    26 |    83 |    17 ||   156
       Javelin           |       |     4 |    28 |       ||    32
Invok: Berserk           |     1 |     3 |     1 |     2 ||     7
       Brothers in Arms  |       |       |       |     1 ||     1
       Burn Spellbooks   |       |       |       |     1 ||     1
Evoke: Wand              |       |       |       |     1 ||     1
  Use: Scroll            |       |       |    10 |     4 ||    14
  Eat: Chunk             |       |     7 |    18 |    11 ||    36
       Royal jelly       |       |       |     2 |       ||     2
       Pizza             |       |       |     1 |     1 ||     2
       Beef jerky        |       |       |       |     1 ||     1
       Bread ration      |       |       |       |     1 ||     1
       Fruit             |       |       |       |     1 ||     1
Armor: Chain mail        |    53 |    57 |   119 |       ||   229
       Animal skin       |     1 |       |       |       ||     1
       Plate armour      |       |       |   180 |   319 ||   499
Dodge: Dodged            |    52 |    50 |   149 |   150 ||   401
Block: Other             |       |     5 |    33 |    30 ||    68
       Reflection        |       |       |     2 |       ||     2
